 Dungeon Crawl Stone Soup version 0.30-b1-5-g8e6c1be481 (webtiles) character file.

Game seed: 10615024565875552762

20219 Cheops the Brawler (level 12, -5/91 HPs)
             Began as a Ghoul Monk on May 3, 2023.
             Was an Elder of Wu Jian.
             Slain by a very large slime creature (27 damage)
             ... on level 13 of the Dungeon.
             The game lasted 00:50:24 (16344 turns).

Cheops the Brawler (Ghoul Monk)                    Turns: 16344, Time: 00:50:25

Health: -5/91      AC: 27    Str: 16    XL:     12   Next: 77%
Magic:  17/17      EV: 11    Int:  9    God:    Wu Jian [****..]
Gold:   791        SH:  0    Dex: 15    Spells: 16/19 levels left

rFire   . .          .
                       - Unarmed
rCold   + . .        c - orb {light}
rNeg    + + +        s - +6 scale mail {Will+}
rPois   ∞            o - +1 helmet
rElec   .            V - +2 cloak
rCorr   .            (no gloves)
SInv    .            n - +0 pair of boots
Will    +....        (no amulet) Stlth
                     T - +4 ring of protection
HPRegen 0.00/turn    G - ring "Ocliez" {AC+4 Int+4}
MPRegen 0.15/turn

%: no passive effects
@: inhibited regen, glowing, studying Maces & Flails
A: claws 1, cold resistance 1, negative energy resistance 3, inhibited
regeneration, torment resistance 2, devour on kill
a: Renounce Religion, Wall Jump, Serpent's Lash


You were on level 13 of the Dungeon.
You worshipped Wu Jian.
Wu Jian was greatly pleased with you.
You visited 2 branches of the dungeon, and saw 14 of its levels.

You collected 1073 gold pieces.
You spent 282 gold pieces at shops.

Inventory:

Armour
 c - an orb of light (worn)
 d - a +2 chain mail of poison resistance
 m - an orb of mayhem
 n - a +0 pair of boots (worn)
 o - a +1 helmet (worn)
 s - a +6 scale mail of willpower (worn)
 R - the +3 salamander hide armour {Flames, rFlCloud rF++ rC--}
   (You found it on level 10 of the Dungeon)

   Flames:    It surrounds you with flame clouds and enhances your fire magic.
   rFlCloud:  It grants immunity to flame clouds.
   rF:        It greatly protects you from fire.
   rC:        It makes you very vulnerable to cold.
 S - the +1 leather armour "Forget-Me-Not" {Fly rF+}
   (You found it on level 10 of the Dungeon)

   rF:        It protects you from fire.
   Fly:       It grants you flight.
 U - +0 acid dragon scales
 V - a +2 cloak (worn)
Magical Staves
 H - the staff of air "Byimpusi" {rElec Int+5 Dex+3}
   (You found it on level 7 of the Dungeon)

   [staff of air]

   Base accuracy: +5 Base damage: 5 Base attack delay: 1.2 This weapon's minimum
   attack delay (0.6) is reached at skill level 12.
   Int:       It affects your intelligence (+5).
   Dex:       It affects your dexterity (+3).
   rElec:     It insulates you from electricity.
   It falls into the 'Staves' category.
   It is a one-clawed weapon.
 I - the staff of fire "Olydot" {rF+ Dex+2}
   (You found it on level 7 of the Dungeon)

   [staff of fire]

   Base accuracy: +5 Base damage: 5 Base attack delay: 1.2 This weapon's minimum
   attack delay (0.6) is reached at skill level 12.
   Dex:       It affects your dexterity (+2).
   rF:        It protects you from fire.
   It falls into the 'Staves' category.
   It is a one-clawed weapon.
 M - a staff of earth
 N - a staff of cold
 O - the staff of conjuration "Xosag" {Fly rN+++ Str-5 Dex+3}
   (You found it on level 9 of the Dungeon)

   [staff of conjuration]

   Base accuracy: +5 Base damage: 5 Base attack delay: 1.2 This weapon's minimum
   attack delay (0.6) is reached at skill level 12.
   Str:       It affects your strength (-5).
   Dex:       It affects your dexterity (+3).
   rN:        It renders you almost immune to negative energy.
   Fly:       It grants you flight.
   It falls into the 'Staves' category.
   It is a one-clawed weapon.
 W - a staff of death
Jewellery
 g - a ring of protection from fire
 h - a ring of see invisible
 w - an amulet of magic regeneration
 B - a ring of resist corrosion
 G - the ring "Ocliez" (right claw) {AC+4 Int+4}
   (You found it on level 7 of the Dungeon)

   [ring of protection]

   AC:        It affects your AC (+4).
   Int:       It affects your intelligence (+4).
 T - a +4 ring of protection (left claw)
Wands
 D - a wand of flame (26)
 F - a wand of digging (6)
 Q - a wand of roots (7)
Scrolls
 a - 2 scrolls of blinking
 i - 2 scrolls of silence
 k - a scroll of vulnerability {unknown}
 p - 2 scrolls of fear
 r - 2 scrolls of poison {unknown}
 v - a scroll of immolation
 x - 4 scrolls of amnesia
 y - 2 scrolls of torment
 C - 4 scrolls of fog
 P - 2 scrolls of magic mapping {unknown}
Potions
 b - a potion of ambrosia
 e - 3 potions of brilliance
 f - 5 potions of curing
 j - a potion of invisibility {unknown}
 q - 4 potions of haste {unknown}
 t - 5 potions of mutation {unknown}
 u - 2 potions of might
 z - 5 potions of heal wounds {unknown}
 A - 2 potions of flight {unknown}
 E - a potion of degeneration {unknown}
Miscellaneous
 J - a piece from Xom's chessboard (15/15)


   Skills:
 - Level 4.0 Fighting
 - Level 4.0 Armour
 - Level 4.1 Dodging
 * Level 19.0 Unarmed Combat
 - Level 4.0 Spellcasting
 + Level 5.6 Summonings
 - Level 4.0 Evocations


You had 16 spell levels left.
You knew the following spells:

 Your Spells              Type           Power      Damage    Failure   Level
c - Call Canine Familiar  Summ           12%        N/A       26%         3

Your spell library contained the following spells:

 Spells                   Type           Power      Damage    Failure   Level
 Summon Small Mammal      Summ           48%        N/A       9%          1
 Summon Guardian Golem    Hex/Summ       6%         N/A       65%         3
 Apportation              Tloc           2%         N/A       67%         1
 Freeze                   Ice            4%         1d3       67%         1
 Necrotise                Necr           4%         1d4       67%         1
 Lesser Beckoning         Tloc           2%         N/A       80%         2
 Frozen Ramparts          Ice            2%         1d1       95%         3
 Hailstorm                Conj/Ice       1%         3d3       95%         3
 Iskenderun's Mystic Bla  Conj/Tloc      1%         2d3       100%        4
 Alistair's Intoxication  Tmut/Pois      0%         N/A       100%        5
 Summon Forest            Summ/Tloc      3%         N/A       100%        5
 Malign Gateway           Summ/Tloc      3%         N/A       100%        7
 Summon Horrible Things   Summ           6%         N/A       100%        8
 Borgnjor's Revivificati  Necr           Unusable   N/A       N/A         8

Dungeon Overview and Level Annotations

Branches:
Dungeon (13/15)            Temple (1/1) D:7            Lair (0/5) D:8
    Orc (0/2) D:11
 Vaults: D:13-14

Altars:
Ashenzari
Cheibriados
Dithmenos
Fedhas
Gozag
Hepliaklqana
Kikubaaqudgha
Makhleb
Nemelex Xobeh
Okawaru
Qazlal
Ru
Sif Muna
Trog
Uskayaw
Vehumet
Wu Jian
Xom
Yredelemnul

Shops:
D:2 (   D:7 *   D:13 *

Annotations:
D:3 1 runed translucent door, TittyCrusher's ghost, amateur FoFi


Innate Abilities, Weirdness & Mutations

You are immune to poison.
You have sharp fingernails.
Your flesh is cold resistant. (rC+)
You are immune to negative energy. (rN+++)
You do not regenerate when monsters are visible.
You are immune to unholy pain and torment.
You thrive by killing the living.


Message History

The slime creature completely misses you.
You scratch the slime creature.
The slime creature is heavily wounded.
You mangle the slime creature!!
The slime creature is almost dead.
The large slime creature hits you!
The slime creature hits you but does no damage.
The slime creature closely misses you.
You mangle the slime creature!!
You kill the slime creature!
The Council accepts your kill. The slime creature hits you.
The large slime creature hits you!
You swing at nothing.
You scratch the slime creature.
The slime creature is lightly wounded.
The slime creature hits you but does no damage.
A large slime creature splits.
You mangle the slime creature!!
The slime creature is heavily wounded.
You completely miss the slime creature.
The slime creature is heavily wounded.
The slime creature hits you! The slime creature hits you.
The slime creature hits you!
* * * LOW HITPOINT WARNING * * *
You mangle the slime creature!!
The slime creature is heavily wounded.
The slime creature hits you but does no damage. x3
The slime creature attacks as you move away!
The slime creature completely misses you.
Two slime creatures merge to form a large slime creature.
Two slime creatures merge to form a very large slime creature.
You scratch the very large slime creature.
The very large slime creature is moderately wounded.
The very large slime creature closely misses you.
You mangle the very large slime creature!!
The very large slime creature is heavily wounded.
You scratch the very large slime creature.
The very large slime creature is heavily wounded.
The very large slime creature hits you!!
You die...

#...#.### #.#
#..~~~ ###.#.#..
#.# #.~~≈≈ #.÷.#.#
#.# #.~≈≈≈ #...#.#
########.# #.~≈≈≈
##(.#.###........#
#.~≈≈≈
#.∩.............#
##.~≈≈
##..............#
#..............#
#.......@#######
#>#######J..# #.#
#.....# #.#
#........ ..#
#...#.##.# #...#.#
# +.....# #...# #
#...#


You could see a very large slime creature.

Vanquished Creatures
  A yaktaur captain (D:12)
  Erolcha (D:10)
  A two-headed ogre (D:9)
  An ogre mage (D:12)
  A boulder beetle (D:10)
  A centaur warrior (D:12)
  A deep troll earth mage (D:12)
  A salamander mystic (D:10)
  2 manticores
  2 ugly things
  2 cyclopes
  3 salamanders (D:10)
  A komodo dragon (D:12)
  3 unseen horrors
  A tengu conjurer (D:12)
  5 trolls
  19 yaks
  3 slime creatures (D:13)
  4 wraiths
  A vampire (D:12)
  A wyvern (D:8)
  Edmund (D:5)
  3 acid dragons
  2 sky beasts
  2 black bears (D:6)
  5 orc warriors
  An ogre (D:4)
  A wolf (shapeshifter) (D:12)
  11 centaurs
  7 kobold brigands
  Blork the orc (D:5)
  5 bullfrogs
  2 gnoll sergeants
  4 scorpions
  10 wights (D:8)
  2 killer bees (D:9)
  11 howler monkeys
  2 hounds (D:5)
  3 gnoll boudas
  A jelly (D:6)
  10 orc priests
  2 iguanas
  2 sleepcaps
  14 orc wizards
  Ijyb (D:4)
  A mummy (D:5)
  19 gnolls
  6 adders
  2 shadow imps
  3 white imps
  2 worms
  5 dart slugs
  27 orcs
  7 bats
  3 endoplasms
  A giant cockroach (D:4)
  6 goblins
  2 hobgoblins
  A jackal (D:2)
  32 kobolds
  6 quokkas
  6 ball pythons
  3 frilled lizards
  2 hobgoblin zombies (D:5)
  A kobold zombie (D:5)
  An orc zombie (D:5)
  5 rats
299 creatures vanquished.

Vanquished Creatures (others)
  3 fungi (D:7)
  3 plants (D:7)
6 creatures vanquished.

Grand Total: 305 creatures vanquished

Notes
Turn   | Place    | Note
-------+----------+-------------------------------------------
     0 | D:1      | Cheops the Ghoul Monk began the quest for the Orb.
     0 | D:1      | Reached XP level 1. HP: 19/19 MP: 0/0
   134 | D:1      | Reached XP level 2. HP: 26/26 MP: 1/1
   669 | D:2      | Reached skill level 4 in Unarmed Combat
   702 | D:2      | Found an iron altar of Okawaru.
   711 | D:2      | Reached XP level 3. HP: 29/31 MP: 2/2
   891 | D:2      | Found Keurups's Weapon Shoppe.
   898 | D:2      | Reached XP level 4. HP: 38/38 MP: 3/3
  1500 | D:3      | Reached skill level 5 in Unarmed Combat
  1765 | D:3      | Found a runed translucent door.
  1958 | D:3      | Reached XP level 5. HP: 31/45 MP: 4/4
  2069 | D:3      | Found a faded altar of an unknown god.
  2222 | D:3      | Found a shimmering altar of Xom.
  2222 | D:3      | Found a bloodstained altar of Trog.
  2330 | D:3      | Noticed TittyCrusher's ghost (amateur FoFi)
  2652 | D:4      | Reached skill level 6 in Unarmed Combat
  2652 | D:4      | Reached XP level 6. HP: 49/51 MP: 5/5
  2712 | D:4      | Found a hide-covered altar of Uskayaw.
  2817 | D:4      | Noticed Ijyb
  2817 | D:4      | Paralysed by Ijyb for 5 turns
  2833 | D:4      | Paralysed by Ijyb for 4 turns
  2845 | D:4      | Killed Ijyb
  3196 | D:4      | Reached skill level 1 in Armour
  3215 | D:4      | Reached skill level 7 in Unarmed Combat
  3230 | D:4      | Reached XP level 7. HP: 12/57 MP: 6/6
  3402 | D:4      | Found a sacrificial altar of Ru.
  3420 | D:5      | Entered Level 5 of the Dungeon
  3608 | D:5      | Reached skill level 8 in Unarmed Combat
  3753 | D:5      | Noticed Edmund
  3771 | D:5      | Killed Edmund
  3772 | D:5      | Reached XP level 8. HP: 10/63 MP: 7/7
  3968 | D:5      | You fall into a shaft and drop 3 floors!
  4039 | D:8      | Found a staircase to the Lair.
  4155 | D:6      | Reached skill level 9 in Unarmed Combat
  4415 | D:5      | Noticed Blork the orc
  4424 | D:5      | Killed Blork the orc
  5212 | D:5      | Reached skill level 10 in Unarmed Combat
  6855 | D:6      | Reached XP level 9. HP: 71/71 MP: 8/8
  7058 | D:6      | Reached skill level 11 in Unarmed Combat
  7872 | D:7      | Reached skill level 1 in Evocations
  8133 | D:7      | Reached skill level 12 in Unarmed Combat
  8158 | D:7      | Found a blossoming altar of Fedhas.
  8172 | D:7      | Found Keunieg's Assorted Antiques.
  8181 | D:7      | Bought a purple potion for 18 gold pieces
  8181 | D:7      | Bought a purple potion for 18 gold pieces
  8303 | D:7      | Found a staircase to the Ecumenical Temple.
  8377 | Temple   | Entered the Ecumenical Temple
  8459 | Temple   | Became a worshipper of the Wu Jian Council
  8459 | Temple   | Reached * piety under Wu Jian
  8459 | Temple   | Reached ** piety under Wu Jian
  8507 | D:7      | Found a stormy altar of Qazlal.
  8801 | D:7      | Noticed an unseen horror
  8801 | D:7      | Noticed a cyclops
  8801 | D:7      | Noticed a troll
  8802 | D:7      | Noticed a manticore
  8811 | D:7      | Killed an unseen horror
  8814 | D:7      | Killed a troll
  9008 | D:7      | Identified the ring "Ocliez" {AC+4 Int+4}
  9010 | D:7      | Identified the +2 arbalest of Destiny {freeze, rC+}
  9012 | D:7      | Got the Precepts of Non-Euclidean Black Magicks
  9014 | D:7      | Identified the staff of fire "Olydot" {rF+ Dex+2}
  9015 | D:7      | Identified the staff of air "Byimpusi" {rElec Int+5 Dex+3}
  9042 | D:7      | Killed a cyclops
  9043 | D:7      | Reached skill level 13 in Unarmed Combat
  9043 | D:7      | Reached XP level 10. HP: 78/78 MP: 9/9
  9378 | D:7      | Found a blossoming altar of Fedhas.
  9389 | D:7      | Found Keunieg's Assorted Antiques.
  9408 | D:7      | Killed a manticore
  9519 | D:7      | Found a staircase to the Ecumenical Temple.
  9614 | D:7      | Found a stormy altar of Qazlal.
 10005 | D:8      | Reached skill level 14 in Unarmed Combat
 10805 | D:8      | Found a radiant altar of Vehumet.
 10984 | D:8      | Reached skill level 1 in Spellcasting
 12068 | D:9      | Reached skill level 15 in Unarmed Combat
 12089 | D:9      | Reached XP level 11. HP: 73/84 MP: 14/14
 12100 | D:9      | Reached skill level 1 in Summonings
 12226 | D:9      | Identified the staff of conjuration "Xosag" {Fly rN+++
                  | Str-5 Dex+3}
 12333 | D:9      | Found a shimmering blue altar of Sif Muna.
 12374 | D:9      | Noticed a two-headed ogre
 12389 | D:9      | Killed a two-headed ogre
 12768 | D:10     | Entered Level 10 of the Dungeon
 12797 | D:10     | Reached *** piety under Wu Jian
 12953 | D:10     | Identified the +1 leather armour "Forget-Me-Not" {Fly rF+}
 13049 | D:10     | Reached skill level 16 in Unarmed Combat
 13146 | D:10     | Noticed a boulder beetle
 13159 | D:10     | Killed a boulder beetle
 13420 | D:10     | Found a basalt altar of Yredelemnul.
 13457 | D:10     | Noticed Erolcha
 13478 | D:10     | Killed Erolcha
 13772 | D:10     | Noticed a salamander
 13775 | D:10     | Noticed a salamander
 13775 | D:10     | Noticed a salamander
 13781 | D:10     | Killed a salamander
 13789 | D:10     | Killed a salamander
 13798 | D:10     | Killed a salamander
 13890 | D:10     | Noticed a salamander mystic
 13907 | D:10     | Killed a salamander mystic
 13908 | D:10     | Reached skill level 17 in Unarmed Combat
 14078 | D:10     | Found the +3 salamander hide armour {Flames, rFlCloud rF++
                  | rC--}
 14297 | D:11     | Reached XP level 12. HP: 91/91 MP: 15/15
 14304 | D:11     | Reached skill level 5 in Summonings
 14307 | D:11     | Reached **** piety under Wu Jian
 14378 | D:11     | Found a staircase to the Orcish Mines.
 15014 | D:11     | Learned a level 3 spell: Call Canine Familiar
 15462 | D:12     | Noticed a centaur warrior
 15470 | D:12     | Killed a centaur warrior
 15471 | D:12     | Reached skill level 18 in Unarmed Combat
 15475 | D:12     | Noticed a centaur warrior
 15479 | D:12     | Noticed a boulder beetle
 15482 | D:12     | Noticed a tengu reaver
 15488 | D:12     | Noticed a yaktaur captain
 15488 | D:12     | Noticed a frost giant
 15489 | D:12     | Noticed an ogre mage
 15492 | D:12     | Noticed a yaktaur captain
 15506 | D:12     | Noticed a deep troll earth mage
 15524 | D:12     | Killed a deep troll earth mage
 15696 | D:12     | Killed an ogre mage
 15800 | D:12     | Identified the +1 quarterstaff of Foolhardiness {flame,
                  | rN++ SInv}
 15830 | D:12     | Killed a yaktaur captain
 15897 | D:12     | Noticed a frost giant
 15901 | D:12     | Noticed a two-headed ogre
 15901 | D:12     | Noticed a fire dragon
 15903 | D:12     | a two-headed ogre changed into a death drake
 15910 | D:13     | Found Vatwaf's Assorted Antiques.
 16160 | D:13     | Bought a scroll of blinking for 217 gold pieces
 16160 | D:13     | Bought a scroll labelled URRIWI GETEF for 29 gold pieces
 16196 | D:13     | Noticed a vault guard
 16196 | D:13     | Noticed a vault guard
 16330 | D:13     | Reached skill level 19 in Unarmed Combat
 16344 | D:13     | Slain by a very large slime creature

Illustrated notes

Levels and vault maps discovered:
D:1:      dpeg_arrival_boxes_within_box, layout_rooms
D:2:      cheibrodos_helix_gallery, layout_basic, basic_altar, serial_shops,
          nicolae_shop_waterfront
D:3:      layout_basic, gammafunk_temple_overflow_statue,
          ebering_ghost_reflecting_pool, shapermc_ecumenical_altar_mp_vishouse
D:4:      layout_loops_cross, mainiacjoe_overflow_alcove_1,
          lemuel_coloured_pillars_altar, uniq_ijyb
D:5:      cheibrodos_thug_alley, layout_layer_cave, minmay_misc_feat_diagonals,
          grunt_ministairs_2, minmay_mini_ossuary, uniq_edmund,
          uniq_blork_the_orc
D:6:      layout_loops_ring
D:7:      minmay_the_grid_triangle_9x9_recursive_2
          [minmay_the_grid_triangle_9x9_prize_insulated,
          minmay_the_grid_triangle_9x9_corruption,
          minmay_the_grid_triangle_9x9_flanged_cone,
          minmay_the_grid_triangle_9x9_limited_checkers], layout_basic,
          grunt_temple_overflow_forces_of_nature, minmay_temple_entry_ruins,
          serial_shops, shop, dreamdust_princess_bridge, nicolae_titane
D:8:      layout_loops_corners, vehumet_altar_wand_db, lair_entry_dummy
D:9:      minmay_spotlight, layout_gridville, kennysheep_mini_moat,
          minmay_increasing_density
D:10:     layout_loops_corners, marbit_many_paths,
          hellmonk_guarded_unrand_salamander, uniq_erolcha
D:11:     nicolae_hitomezashi [nicolae_hito_row, nicolae_hito_row,
          nicolae_hito_row, nicolae_hito_row, nicolae_hito_row,
          nicolae_hito_row, nicolae_hito_row, nicolae_hito_row,
          nicolae_hito_row, nicolae_hito_row, nicolae_hito_row,
          nicolae_hito_row, nicolae_hito_row, nicolae_hito_row,
          nicolae_hito_row, nicolae_hito_row, nicolae_hito_row,
          nicolae_hito_row], layout_irregular_city, evilmike_minifort
D:12:     nicolae_fronds_of_death, layout_rooms, chequers_serial_rivers_room_a
D:13:     minmay_evil_eye, layout_basic, grunt_vaults_entry_fortified,
          serial_shops, shop, serial_bayou_crossing, uniq_azrael, uniq_josephine
Temple:   nicolae_temple_god_jail

Skill      XL: |  1  2  3  4  5  6  7  8  9 10 11 12 |
---------------+-------------------------------------+-----
Dodging        | 3 4 |  4.1
Unarmed Combat | 4 5 6 7 8 10 13 15 17 19 | 19.0
Armour         | 1 3 4 |  4.0
Fighting       | 4 |  4.0
Evocations     | 3 4 |  4.0
Spellcasting   | 3 4 |  4.0
Summonings     | 4 5 |  5.6

Action                     |  1- 3 |  4- 6 |  7- 9 | 10-12 || total
---------------------------+-------+-------+-------+-------++-------
  Melee: Unarmed           |    80 |   165 |   300 |   585 ||  1130
Ability: Lunge             |       |       |       |    33 ||    33
         Whirlwind         |       |       |       |    16 ||    16
         Wall Jump         |       |       |       |     3 ||     3
  Evoke: Wand              |       |       |     1 |     1 ||     2
         Piece from Xom's  |       |       |       |     1 ||     1
    Use: Scroll            |       |       |    15 |     5 ||    20
         Potion            |       |       |     1 |     1 ||     2
 Armour: Robe              |    16 |    14 |       |       ||    30
         Scale mail        |       |    15 |   135 |   262 ||   412
  Dodge: Dodged            |    56 |    90 |   127 |   274 ||   547
